 Dungeon Crawl Stone Soup version 0.28.0 (webtiles) character file.

Game seed: 16942880114337330260

38338 belegose the Demolition Gargoyle (level 14, -5/76 HPs)
             Began as a Gargoyle Artificer on Feb 5, 2022.
             Was an Elder of Makhleb.
             Killed from afar by Fannar (40 damage)
             ... with a bolt of cold
             ... on level 1 of the Lair of Beasts.
             The game lasted 03:00:43 (33113 turns).

belegose the Demolition Gargoyle (GrAr)            Turns: 33113, Time: 03:00:44

Health: -5/76      AC: 22    Str: 18    XL:     14   Next: 1%
Magic:  22/22      EV: 11    Int: 15    God:    Makhleb [****..]
Gold:   797        SH:  9    Dex: 10    Spells: 16/24 levels left

rFire   . . .      SeeInvis .   a - +2 morningstar (freeze)
rCold   . . .      Faith    .   T - +0 kite shield
rNeg    + . .      Spirit   .   z - +0 troll leather armour
rPois   ∞          Reflect  .   C - +0 hat {Will+}
rElec   +          Harm     .   V - +0 cloak
rCorr   .          Rampage  .   S - +1 pair of gloves
Will    ++...                   (no boots)
Stlth   ++........              F - amulet of magic regeneration
HPRegen 1.02/turn               v - ring of wizardry
MPRegen 0.58/turn               f - +4 ring of protection

@: flying
A: sickness immunity, AC +10, big wings, negative energy resistance 1,
electricity resistance, torment resistance 1, petrification resistance
a: Renounce Religion, Minor Destruction, Lesser Servant of Makhleb, Major
Destruction


You were on level 1 of the Lair of Beasts.
You worshipped Makhleb.
Makhleb was greatly pleased with you.
You visited 4 branches of the dungeon, and saw 15 of its levels.

You collected 1630 gold pieces.
You spent 833 gold pieces at shops.

Inventory:

Hand Weapons
 a - a +2 morningstar of freezing (weapon)
 b - a +2 whip of venom
 u - a +5 mace
Missiles
 h - 40 poisoned darts
 j - a curare-tipped dart
 s - a silver boomerang (quivered)
 y - 2 throwing nets
 D - 3 atropa-tipped darts
 E - 10 boomerangs
 H - 2 javelins
 O - 14 boomerangs of dispersal
Armour
 w - a +1 ring mail of cold resistance
 z - a +0 troll leather armour (worn)
 C - a +0 hat of willpower (worn)
 I - a +2 robe of fire resistance
 P - +0 acid dragon scales
 S - a +1 pair of gloves (worn)
 T - a +0 kite shield (worn)
 V - a +0 cloak (worn)
Jewellery
 f - a +4 ring of protection (right hand)
 m - a ring of positive energy
 o - a +4 ring of protection
 v - a ring of wizardry (left hand)
 F - an amulet of magic regeneration (around neck)
 J - a ring of protection from fire
 X - a ring of protection from fire
Wands
 c - a wand of flame (33)
 d - a wand of charming (6)
 W - a wand of polymorph (7)
Scrolls
 q - 2 scrolls of teleportation
 r - a scroll of amnesia {unknown}
 B - a scroll of summoning {unknown}
 K - a scroll of blinking {unknown}
 L - a scroll of magic mapping {unknown}
 M - 2 scrolls of immolation {unknown}
 Q - a scroll of fog {unknown}
 Y - a scroll of acquirement {unknown}
 Z - 2 scrolls of holy word {unknown}
Potions
 g - a potion of magic {unknown}
 i - a potion of attraction {unknown}
 k - a potion of haste
 l - 5 potions of curing
 n - 3 potions of might
 t - 2 potions of cancellation {unknown}
 x - 2 potions of lignification {unknown}
 A - 4 potions of flight
 G - 2 potions of brilliance {unknown}
 N - 2 potions of berserk rage {unknown}
 R - a potion of mutation {unknown}
 U - 2 potions of ambrosia {unknown}
Miscellaneous
 e - a piece from Xom's chessboard (15/15)


   Skills:
 - Level 4.7 Fighting
 - Level 1.4 Short Blades
 - Level 6.8 Maces & Flails
 - Level 6.1 Throwing
 - Level 2.9 Armour
 + Level 3.9 Dodging
 - Level 2.7 Stealth
 - Level 7.2 Shields
 - Level 5.8 Spellcasting
 - Level 6.5 Conjurations
 - Level 5.7 Translocations
 - Level 5.0 Air Magic
 - Level 5.4 Earth Magic
 - Level 6.0 Poison Magic
 - Level 9.7 Invocations
 - Level 9.3 Evocations


You had 16 spell levels left.
You knew the following spells:

 Your Spells              Type           Power      Damage    Failure   Level
a - Blink                 Tloc           42%        N/A       2%          2
b - Mephitic Cloud        Conj/Pois/Air  21%        N/A       5%          3
c - Stone Arrow           Conj/Erth      44%        3d9       4%          3

Your spell library contained the following spells:

 Spells                   Type           Power      Damage    Failure   Level
 Magic Dart               Conj           96%        1d7       1%          1
 Lesser Beckoning         Tloc           21%        N/A       5%          3
 Conjure Flame            Conj/Fire      14%        6-21      16%         3
 Passage of Golubria      Tloc           21%        N/A       17%         4
 Ignite Poison            Fire/Tmut/Pois 10%        N/A       24%         3
 Call Imp                 Summ           4%         N/A       26%         2
 Hailstorm                Conj/Ice       14%        3d5       43%         4
 Sticky Flame             Conj/Fire      14%        2d4       43%         4
 Manifold Assault         Tloc           21%        N/A       43%         5
 Animate Armour           Summ/Erth      24%        N/A       50%         4
 Ice Form                 Ice/Tmut       4%         N/A       86%         4
 Silence                  Hex/Air        5%         N/A       86%         5
 Iron Shot                Conj/Erth      11%        9d3       91%         6
 Blade Hands              Tmut           2%         N/A       99%         5
 Simulacrum               Ice/Necr       2%         N/A       100%        6
 Lehudib's Crystal Spear  Conj/Erth      11%        10d4      100%        8
 Chain Lightning          Conj/Air       10%        3d14      100%        9
 Fire Storm               Conj/Fire      7%         8d2       100%        9
 Shatter                  Erth           10%        3d11*     100%        9


Dungeon Overview and Level Annotations

Branches:
Dungeon (11/15)            Temple (1/1) D:4            Lair (1/6) D:11
    Orc (2/2) D:9             Elf (0/3) Orc:2

Altars:
Ashenzari
Cheibriados
Dithmenos
Elyvilon
Fedhas
Gozag
Hepliaklqana
Kikubaaqudgha
Makhleb
Nemelex Xobeh
Okawaru
Qazlal
Ru
Sif Muna
Trog
Uskayaw
Vehumet
Wu Jian
Xom
Yredelemnul
Zin
The Shining One

Shops:
Orc:1 (   Orc:2 *[([

Portals:
Trove: D:10 (give 5 scrolls of fog)

Annotations:
D:4 exclusion: downstairs
D:5 exclusion: downstairs
D:10 exclusion: upstairs
Lair:1 Fannar


Innate Abilities, Weirdness & Mutations

You are immune to sickness and miasma.
Your stone body is resilient. (AC +10)
You are immune to poison.
Your large and strong wings let you fly.
You resist negative energy. (rN+)
You are resistant to electric shocks. (rElec)
You are resistant to unholy torment.
You are immune to petrification.


Message History

You hit the ice beast but do no damage.
The ice beast is heavily wounded.
You block the ice beast's attack.
You hit the ice beast.
The ice beast is severely wounded.
You block the ice beast's attack.
You hit the ice beast.
The ice beast is almost dead.
The ice beast barely misses you. x2
You sock the ice beast!
You kill the ice beast!
The ice beast disappears in a puff of smoke!
Fannar points at you and mumbles some strange words.
The bolt of cold hits the ice beast.
The ice beast completely resists.
The bolt of cold hits you.
You hit the ice beast.
The ice beast is lightly wounded.
You block the ice beast's attack. The ice beast hits you.
The ice beast freezes you!
Okay, then.
Okay, then.
A demon appears!
The ice beast hits you but does no damage.
Unknown command.
You swap places.
The ice beast barely misses your ynoxinul.
Fannar gestures at you while chanting.
The bolt of cold hits the ice beast.
The ice beast completely resists.
The bolt of cold hits your ynoxinul.
Your ynoxinul resists.
The bolt of cold hits you!!
Your ynoxinul gestures at Fannar.
The iron shot hits the ice beast!!
The ice beast barely misses your ynoxinul.
Fannar points at you and mumbles some strange words.
The bolt of cold misses the ice beast.
The bolt of cold hits your ynoxinul!!
Your ynoxinul resists.
The bolt of cold hits you!!!
Ouch! That really hurt!
You die...

.. . #.# .# #.#
##.## #.## P...
#..####...
##.##....#
#######.....(..#
#..@.3Ye.#...(#
##
#.######....###
#.####### #.#
###..#
##......###.#
#P..##
##..≈≈≈...##.##
##...####
##)≈≈≈≈≈≈≈≈.#..#
#P......#
#..≈≈≈≈≈≈≈≈...##
##.P.#..#
#.≈≈≈≈≈≈≈≈≈..#
#...###.###
#.≈≈≈≈≈≈≈≈≈..#
##.## #...#


You could see Fannar (ally target), an ice beast (summoned) and a friendly
ynoxinul (summoned).

Vanquished Creatures
  An orc warlord (D:9)
  Erolcha (D:9)
  A boulder beetle (D:7)
  3 ogre magi
  A death knight (D:9)
  8 two-headed ogres
  8 deep elf zephyrmancers
  An orc knight (Orc:1)
  4 deep elf pyromancers
  5 orc sorcerers
  A cane toad (Lair:1)
  An unseen horror (D:9)
  A komodo dragon (Lair:1)
  Psyche (D:7)
  2 kobold demonologists
  A queen bee (D:8)
  4 trolls
  A polar bear (Lair:1)
  Grinder (D:3)
  Prince Ribbit (D:5)
  4 hornets (Orc:1)
  2 shadows
  6 wyverns
  Sigmund (D:3)
  3 wraiths
  Grum (D:8)
  3 yaks (D:10)
  A basilisk (D:9)
  A steam dragon (D:10)
  A warg (Orc:2)
  2 vampire mosquitoes (D:10)
  A water moccasin (D:5)
  4 acid dragons
  15 orc warriors
  2 ice beasts
  A swamp drake (D:10)
  7 ogres
  2 necrophages
  4 wolves (D:8)
  5 centaurs
  5 kobold brigands
  2 bullfrogs
  9 killer bees
  13 wights
  An electric eel (Orc:2)
  3 howler monkeys
  2 crimson imps
  2 bullfrog zombies (D:5)
  23 orc priests
  3 hounds
  A jelly (D:4)
  A gnoll shaman (D:3)
  Crazy Yiuf (D:6)
  11 centaur zombies
  An iron imp (D:10)
  A bullfrog skeleton (D:6)
  2 centaur skeletons (D:7)
  Natasha (D:3)
  Terence (D:3)
  2 iguanas (D:5)
  35 orc wizards
  4 howler monkey zombies
  7 adders
  8 gnolls
  2 howler monkey skeletons
  2 shadow imps
  2 white imps
  An ufetubus (D:5)
  3 worms
  2 dart slugs (D:2)
  65 orcs
  2 ball pythons
  6 bats
  5 endoplasms
  4 giant cockroaches
  4 goblins
  4 hobgoblins
  7 jackals
  20 kobolds
  5 quokkas
  A frilled lizard (D:1)
  6 rats
393 creatures vanquished.

Vanquished Creatures (collateral kills)
  Harold (D:8)
  A death knight (D:9)
  A two-headed ogre (D:9)
  An orc high priest (Orc:2)
  2 orc sorcerers (Orc:2)
  A troll (Orc:1)
  A floating eye (Orc:1)
  2 orc warriors
  2 orc priests (Orc:1)
  2 hounds (D:5)
  2 iguanas (D:5)
  4 orc wizards
  2 orcs
22 creatures vanquished.

Vanquished Creatures (others)
  Maurice (D:8)
  A troll (D:9)
  2 orc warriors (Orc:1)
  3 killer bees (D:8)
  2 orc wizards
  A fungus (Lair:1)
  14 plants
24 creatures vanquished.

Grand Total: 439 creatures vanquished

Notes
Turn   | Place    | Note
-------+----------+-------------------------------------------
     0 | D:1      | belegose the Gargoyle Artificer began the quest for the
                  | Orb.
     0 | D:1      | Reached XP level 1. HP: 12/12 MP: 1/1
   375 | D:1      | Reached XP level 2. HP: 9/16 MP: 2/2
  1950 | D:2      | Reached XP level 3. HP: 13/20 MP: 3/3
  2386 | D:2      | Reached skill level 1 in Throwing
  2886 | D:2      | Reached XP level 4. HP: 22/26 MP: 4/4
  3755 | D:3      | Noticed Terence
  3818 | D:3      | Found a faded altar of an unknown god.
  3828 | D:3      | Noticed Sigmund
  4164 | D:3      | Noticed Grinder
  4336 | D:4      | Found an ancient bone altar of Kikubaaqudgha.
  5306 | D:3      | Reached XP level 5. HP: 30/30 MP: 5/5
  5428 | D:5      | Entered Level 5 of the Dungeon
  5428 | D:5      | Noticed a water moccasin
  5440 | D:4      | Reached skill level 1 in Short Blades
  6336 | D:3      | Reached XP level 6. HP: 13/35 MP: 6/6
  6715 | D:4      | Found a staircase to the Ecumenical Temple.
  6724 | Temple   | Entered the Ecumenical Temple
  6798 | Temple   | Became a worshipper of Makhleb the Destroyer
  6887 | D:4      | Reached skill level 1 in Maces & Flails
  7384 | D:5      | Noticed a necrophage
  7397 | D:4      | Killed a necrophage
  7398 | D:4      | Reached skill level 1 in Invocations
  7421 | D:5      | Reached XP level 7. HP: 33/40 MP: 8/8
  8157 | D:5      | Reached skill level 5 in Evocations
  8157 | D:5      | Reached XP level 8. HP: 43/44 MP: 10/10
  8296 | D:5      | Identified the amulet of Soeduh {Spirit Fly rC- rN++
                  | Slay+2}
  8361 | D:5      | Reached * piety under Makhleb
  8785 | D:6      | Noticed Prince Ribbit
  9383 | D:5      | Killed Prince Ribbit
  9384 | D:5      | Reached XP level 9. HP: 33/48 MP: 12/12
  9508 | D:6      | Reached skill level 5 in Throwing
  9508 | D:6      | Reached skill level 5 in Invocations
  9862 | D:6      | Found a runed translucent door.
  9863 | D:6      | Noticed Crazy Yiuf
 10225 | D:7      | Reached ** piety under Makhleb
 10987 | D:7      | Found a bloodstained altar of Trog.
 11052 | D:7      | Learned a level 2 spell: Blink
 11070 | D:8      | Noticed a boulder beetle
 11070 | D:8      | Found an opulent altar of Gozag.
 11099 | D:8      | Noticed Harold
 11194 | D:8      | Noticed Psyche
 11214 | D:7      | Killed Psyche
 11638 | D:6      | Killed Crazy Yiuf
 11836 | D:3      | Killed Sigmund
 11999 | D:3      | Noticed Natasha
 12007 | D:3      | Killed Terence
 12077 | D:3      | Killed Natasha
 12446 | D:3      | Paralysed by Grinder for 5 turns
 12452 | D:3      | Killed Grinder
 13004 | D:8      | Reached XP level 10. HP: 56/56 MP: 14/14
 13087 | D:7      | Killed a boulder beetle
 13511 | D:8      | Noticed Grum
 13604 | D:8      | Killed Grum
 14326 | D:8      | Noticed Maurice
 14790 | D:8      | Found an opulent altar of Gozag.
 14909 | D:8      | Killed Maurice
 15049 | D:9      | Reached skill level 1 in Spellcasting
 15056 | D:9      | Found a blossoming altar of Fedhas.
 15116 | D:9      | Reached skill level 1 in Translocations
 15279 | D:9      | Found a staircase to the Orcish Mines.
 15520 | D:9      | Noticed a two-headed ogre
 15742 | D:9      | Reached *** piety under Makhleb
 15777 | D:9      | Reached XP level 11. HP: 62/62 MP: 16/16
 16029 | D:9      | Found a hazy altar of Hepliaklqana.
 16030 | D:9      | Found a stormy altar of Qazlal.
 16032 | D:9      | Found a sacrificial altar of Ru.
 16422 | D:9      | Noticed a two-headed ogre
 16444 | D:10     | Entered Level 10 of the Dungeon
 17050 | D:10     | Found a portal to a secret trove of treasure.
 17680 | D:10     | Found a shimmering blue altar of Sif Muna.
 17689 | D:10     | Found a white marble altar of Elyvilon.
 17692 | D:10     | Found a glowing golden altar of the Shining One.
 18228 | D:10     | Noticed a two-headed ogre
 18487 | D:10     | Noticed a two-headed ogre
 19243 | D:10     | Noticed a deep elf pyromancer
 19255 | D:10     | Killed a deep elf pyromancer
 19277 | D:10     | Noticed a deep elf zephyrmancer
 19292 | D:10     | Killed a deep elf zephyrmancer
 19544 | D:10     | Noticed a two-headed ogre
 19667 | D:9      | Killed a two-headed ogre
 19747 | Orc:1    | Entered Level 1 of the Orcish Mines
 19752 | Orc:1    | Found Atopn's Antique Weapon Shop.
 19752 | Orc:1    | Noticed Erolcha
 19891 | D:9      | Killed Erolcha
 20273 | Orc:1    | Noticed an ogre mage
 20643 | D:9      | HP: 2/62 [something/bolt of magma (28)]
 20645 | D:9      | Killed an ogre mage
 20646 | D:9      | Reached skill level 5 in Spellcasting
 20646 | D:9      | Reached XP level 12. HP: 41/67 MP: 19/19
 20803 | Orc:1    | Reached skill level 5 in Translocations
 21392 | Orc:1    | Noticed an ogre mage
 21487 | D:10     | Noticed a death knight
 21621 | D:10     | Noticed a two-headed ogre
 21905 | D:10     | Noticed a two-headed ogre
 21965 | D:10     | Killed a two-headed ogre
 22357 | D:10     | Noticed a two-headed ogre
 22402 | D:10     | Noticed a death knight
 23051 | D:9      | Killed a two-headed ogre
 23901 | Orc:1    | Noticed an ogre mage
 23904 | Orc:1    | Noticed an orc warlord
 24263 | Orc:1    | Learned a level 3 spell: Mephitic Cloud
 24322 | Orc:1    | Paralysed by something for 6 turns
 24323 | Orc:1    | Killed an ogre mage
 24324 | Orc:1    | Reached skill level 1 in Conjurations
 24324 | Orc:1    | Reached skill level 1 in Poison Magic
 24898 | D:8      | Killed Harold
 24899 | D:8      | Reached skill level 1 in Air Magic
 25306 | Orc:2    | Entered Level 2 of the Orcish Mines
 25924 | D:9      | Killed an orc warlord
 27196 | Orc:2    | Reached XP level 13. HP: 65/72 MP: 21/21
 27261 | Orc:2    | Reached skill level 5 in Conjurations
 27755 | Orc:1    | Reached skill level 5 in Poison Magic
 28104 | Orc:2    | Paralysed by an orc sorcerer for 3 turns
 28982 | Orc:2    | Found a staircase to the Elven Halls.
 29079 | Orc:2    | Found Voinot's Antique Weapon Boutique.
 29079 | Orc:2    | Found Banulami's Armour Boutique.
 29082 | Orc:2    | Found Waweqecy's Armour Shop.
 29087 | Orc:2    | Found Vaetroi's Assorted Antiques.
 29092 | Orc:2    | Bought a +1 pair of gloves for 149 gold pieces
 29101 | Orc:2    | Bought a faintly glowing broad axe for 342 gold pieces
 29101 | Orc:2    | Identified the +5 broad axe of Big Damage {spect, Drain
                  | rPois Str+2} (You bought it in a shop on level 2 of the
                  | Orcish Mines)
 29101 | Orc:2    | Bought a crystal rapier for 342 gold pieces
 29101 | Orc:2    | Identified the +5 rapier of Grandeur {pain, *Noise Str+4}
                  | (You bought it in a shop on level 2 of the Orcish Mines)
 29291 | Orc:2    | Reached skill level 5 in Air Magic
 29295 | Orc:2    | Learned a level 3 spell: Stone Arrow
 29534 | D:9      | Reached skill level 5 in Maces & Flails
 29534 | D:9      | Reached skill level 1 in Dodging
 29534 | D:9      | Reached skill level 1 in Earth Magic
 30627 | D:10     | Reached **** piety under Makhleb
 31483 | D:11     | Found an iron altar of Okawaru.
 31888 | D:10     | Reached skill level 5 in Earth Magic
 32107 | D:11     | Found a staircase to the Lair.
 32771 | Lair:1   | Entered Level 1 of the Lair of Beasts
 32904 | Lair:1   | Gained mutation: Your large and strong wings let you fly.
                  | [Gargoyle growth]
 32904 | Lair:1   | Reached XP level 14. HP: 76/76 MP: 22/22
 33068 | Lair:1   | Noticed Fannar
 33113 | Lair:1   | Killed from afar by Fannar

Illustrated notes

Levels and vault maps discovered:
D:1:      dpeg_arrival_pond, layout_basic
D:2:      layout_loops_cross, wad_orctagon
D:3:      layout_loops_corners, hellmonk_ecumenical_altar_run_dry,
          gup_sewer_entry_spiral, minmay_misc_feat_diagonals, uniq_sigmund,
          uniq_terence, uniq_natasha, uniq_grinder
D:4:      layout_rooms, mainiacjoe_overflow_brackets, temple_hall,
          minmay_fire_ice_demons
D:5:      wander_river, layout_rooms
D:6:      layout_basic, minmay_unpleasant_kobolds, uniq_crazy_yiuf_cottage,
          uniq_prince_ribbit1
D:7:      layout_rooms, kennysheep_mini_moat, st_stairs_10,
          chequers_serial_rivers_room_a
D:8:      layout_loops_ring, nicolae_gozag_seed_capital,
          nicolae_looking_at_the_future, uniq_harold, uniq_psyche, uniq_maurice,
          uniq_grum
D:9:      layout_basic, nicolae_overflow_hidden_temple, fedhas_altar_1,
          orc_0_dummy
D:10:     nzn_winding_woodlands_medium [nzn_winding_woodlands_5x5_closed_star,
          nzn_winding_woodlands_5x15_twine, nzn_winding_woodlands_5x5_cross,
          nzn_winding_woodlands_5x5_default,
          nzn_winding_woodlands_center_pierced_h,
          nzn_winding_woodlands_5x5_three, nzn_winding_woodlands_hourglass,
          nzn_winding_woodlands_5x15_sawtooth,
          nzn_winding_woodlands_5x5_perimeter], layout_basic,
          minmay_overflow_temple_star_quad, nicolae_trove_entry_crystal,
          hangedman_minor_magic
D:11:     layout_long_grid, erik_lair_dragon, okawaru_gym_becter
Temple:   nicolae_temple_hex_pool
Lair:1:   layout_loops_ring, infiniplex_staircase_pool, grunt_megastairs_5,
          uniq_fannar
Orc:1:    hellmonk_paralyzer, layout_caves, serial_shops, shop, uniq_erolcha
Orc:2:    st_orc_mages, layout_caves, elves_outpost_lemuel

Skill      XL: |  1  2  3  4  5  6  7  8  9 10 11 12 13 |
---------------+----------------------------------------+-----
Evocations     | 3 4 5 6 7 8 9 |  9.3
Throwing       | 1 2 3 4 5 6 |  6.1
Stealth        | 2 |  2.7
Fighting       | 2 3 4 |  4.7
Short Blades   | 1 |  1.4
Maces & Flails | 1 3 4 6 |  6.8
Invocations    | 1 3 4 6 7 9 |  9.7
Shields        | 4 7 |  7.2
Spellcasting   | 2 5 |  5.8
Translocations | 2 4 5 |  5.7
Conjurations   | 4 6 |  6.5
Poison Magic   | 4 6 |  6.0
Air Magic      | 3 5 |  5.0
Dodging        | 3 |  3.9
Earth Magic    | 5 |  5.4
Armour         | |  2.9

Action                   |  1- 3 |  4- 6 |  7- 9 | 10-12 | 13-15 || total
-------------------------+-------+-------+-------+-------+-------++-------
Melee: Club              |    36 |       |       |       |       ||    36
       Dagger            |   147 |    52 |       |       |       ||   199
       Punch             |     1 |     1 |     4 |       |       ||     6
       Trident           |       |    49 |    59 |       |       ||   108
       Rapier            |       |   105 |    57 |       |       ||   162
       Whip              |       |    57 |   118 |   228 |   468 ||   871
       Mace              |       |       |   206 |   671 |   154 ||  1031
       Scimitar          |       |       |     9 |       |       ||     9
       Unarmed           |       |       |     1 |    16 |       ||    17
       Morningstar       |       |       |       |       |    53 ||    53
Throw: Dart              |    19 |    13 |    15 |    84 |    51 ||   182
       Stone             |    17 |       |       |     1 |       ||    18
       Boomerang         |       |       |    21 |    32 |    26 ||    79
       Javelin           |       |       |     2 |     6 |       ||     8
       Throwing net      |       |       |       |     2 |       ||     2
 Cast: Blink             |       |       |       |     6 |       ||     6
       Stone Arrow       |       |       |       |       |     3 ||     3
Invok: Lesser Servant of |       |       |       |    10 |     5 ||    15
Evoke: Wand              |     6 |     9 |    13 |    30 |     2 ||    60
       Piece from Xom's  |       |       |       |     5 |       ||     5
  Use: Scroll            |       |       |     2 |     8 |     3 ||    13
       Potion            |       |       |       |     5 |       ||     5
 Stab: Sleeping          |       |     2 |     2 |     2 |       ||     6
       Confused          |       |       |       |     1 |       ||     1
       Paralysed         |       |       |       |     5 |       ||     5
       Distracted        |       |       |       |     1 |       ||     1
Armor: Leather armour    |    32 |       |       |       |       ||    32
       Ring mail         |    84 |    88 |       |       |       ||   172
       Scale mail        |       |    60 |   179 |       |       ||   239
       Acid dragon scale |       |       |    78 |   517 |       ||   595
       Skin              |       |       |       |     5 |       ||     5
       Troll leather arm |       |       |       |    41 |   397 ||   438
Dodge: Dodged            |   119 |   131 |   189 |   375 |   243 ||  1057
Block: Kite shield       |       |       |    24 |   501 |   335 ||   860
